Map: Eternal Empire LE

Players

Reynor - Winner!

  • Race: Zerg Zerg
  • League: Master
  • Spawn Location: 1:00

LiquidClem (Clem)

  • Race: Terran Terran
  • League: Master
  • Spawn Location: 7:00

Event: DreamHack SC2 Masters 2020 Fall

VOD

Have the link to the VOD?

Description

Time

  • Played on: Sept. 12, 2020, 2:42 p.m.
  • Length: 26:50

All games in this series

Show
View Real Time Build Order
Export as new Build Order

Reynor Zerg - Winner!

Build Orders: Hatch First, Lurkers 

Get SALT Encoding   

  12  0:00  Drone  
  13  0:12  Overlord  
  13  0:16  Drone  
  14  0:30  Drone x2  
  16  0:46  Drone  
  17  0:51  Hatchery  
  17  0:55  Drone  
  17  0:59  Drone  
  18  1:10  Extractor  
  17  1:13  Spawning Pool  
  17  1:16  Drone  
  17  1:20  Drone  
  18  1:27  Drone  
  19  1:38  Drone  
  20  1:49  Drone  
  21  2:01  Zergling x2  
  21  2:03  Zergling x2, Queen  
  21  2:04  Queen  
  27  2:11  Overlord  
  27  2:20  Hatchery  
  26  2:23  Drone  
  26  2:25  Drone  
  28  2:31  Drone  
  28  2:35  Drone x2  
  31  2:38  Metabolic Boost  
  31  2:47  Queen  
  33  2:54  Overlord  
  33  2:55  Drone  
  33  2:57  Drone  
  34  2:58  Drone  
  35  3:13  Drone x4  
  35  3:17  Overlord  
  39  3:20  Drone  
  39  3:23  Drone  
  39  3:24  Queen  
  43  3:32  Queen  
  45  3:36  Drone x3  
  45  3:39  Overlord  
  49  3:41  Zergling x2  
  49  3:42  Zergling x2  
  49  3:43  Drone  
  49  3:44  Drone  
  49  3:46  Drone  
  54  3:55  Zergling x4  
  54  3:57  Drone x2  
  54  3:59  Zergling x2  
  54  4:00  Drone  
  59  4:04  Overlord  
  59  4:07  Drone x2  
  59  4:09  Queen  
  63  4:13  Drone  
  63  4:16  Overlord, Drone  
  65  4:18  Overlord  
  65  4:21  Lair  
  65  4:24  Drone, Baneling Nest  
  64  4:27  Overlord  
  65  4:31  Drone, Extractor  
  65  4:34  Drone x3  
  65  4:35  Drone  
  65  4:36  Drone x2  
  71  4:40  Drone x2  
  71  4:42  Drone  
  74  4:47  Overlord, Queen  
  74  4:49  Drone x2  
  74  4:50  Drone  
  74  4:51  Drone  
  80  4:58  Evolution Chamber  
  79  5:00  Extractor  
  79  5:01  Zergling x6  
  81  5:07  Zergling x12  
  81  5:13  Hatchery, Zergling x2  
  81  5:14  Zergling x4  
  89  5:18  Zergling x6  
  92  5:21  Centrifical Hooks  
  92  5:23  Baneling x3  
  92  5:27  Zergling x6  
  95  5:28  Baneling x2  
  95  5:32  Zergling x4  
  95  5:33  Overlord  
  97  5:35  Overlord  
  97  5:42  Zergling x4  
  97  5:47  Drone x2  
  97  5:48  Zerg Ground Armor Level 1, Drone x2  
  97  5:49  Drone  
  97  5:51  Overlord  
  97  5:56  Zergling x2  
  97  5:57  Zergling x4  
  100  6:00  Drone  
  100  6:02  Zergling x8, Evolution Chamber  
  104  6:08  Zergling x6  
  107  6:12  Zergling x6  
  107  6:15  Pneumatized Carapace  
  106  6:23  Drone, Baneling x7  
  106  6:24  Queen, Drone x2  
  106  6:25  Drone  
  112  6:29  Zergling x2  
  112  6:30  Zergling x4  
  112  6:31  Drone x3  
  118  6:33  Zergling x6  
  118  6:35  Overlord  
  118  6:36  Zergling x4  
  118  6:38  Drone  
  118  6:39  Zerg Melee Weapons Level 1  
  123  6:46  Zergling x2  
  124  6:47  Drone x3  
  124  6:51  Unknown  
  124  6:53  Hatchery  
  124  6:55  Baneling x5  
  124  6:57  Baneling x2  
  124  6:58  Zergling x16  
  124  6:59  Zergling x2  
  133  7:06  Zergling x2  
  133  7:07  Zergling x4  
  134  7:10  Zergling x8  
  134  7:12  Drone x2  
  134  7:15  Drone  
  130  7:19  Extractor  
  130  7:20  Infestation Pit, Drone  
  130  7:21  Drone  
  130  7:22  Overlord  
  130  7:25  Drone x2  
  130  7:26  Drone x2  
  131  7:31  Extractor  
  131  7:32  Spore Crawler  
  131  7:33  Drone x2  
  131  7:35  Drone  
  131  7:37  Drone, Extractor  
  131  7:42  Drone  
  131  7:43  Drone  
  132  7:46  Zergling x2  
  132  7:51  Zerg Ground Armor Level 2, Drone x3  
  133  7:53  Drone x3  
  133  7:56  Drone x5  
  133  7:58  Hive  
  141  7:59  Hydralisk Den, Drone x2  
  142  8:06  Zergling x10  
  142  8:11  Baneling  
  142  8:12  Baneling x7  
  147  8:13  Drone  
  147  8:14  Drone x2  
  147  8:17  Overlord x2, Spore Crawler  
  149  8:23  Zergling x2  
  149  8:25  Overlord  
  150  8:28  Spore Crawler  
  150  8:31  Drone  
  150  8:34  Spore Crawler x2, Queen  
  148  8:42  Zergling x32  
  148  8:45  Overseer x2, Baneling x9  
  148  8:46  Zergling x12  
  168  8:49  Queen  
  168  8:50  Zergling x6  
  168  8:51  Zerg Missile Weapons Level 1, Lurker Den  
  168  8:53  Drone  
  168  8:54  Drone  
  168  8:57  Zergling x6, Queen  
  171  9:04  Drone x2  
  171  9:05  Drone x2  
  171  9:07  Overlord  
  171  9:08  Drone x2  
  172  9:16  Zergling x12  
  171  9:21  Hydralisk x3  
  171  9:22  Hydralisk  
  170  9:25  Zergling x2, Hydralisk  
  170  9:26  Zergling x4  
  170  9:27  Zergling x4  
  177  9:31  Drone x3  
  177  9:36  Zergling x2, Hydralisk  
  165  9:40  Zergling x2  
  165  9:43  Hydralisk x2, Baneling x8  
  165  9:44  Zergling x6  
  173  9:47  Drone  
  173  9:51  Zergling x4  
  173  9:52  Zergling x4  
  174  10:04  Drone x4  
  174  10:06  Zergling x10  
  181  10:08  Overlord  
  181  10:13  Drone x4  
  180  10:17  Drone x2  
  176  10:22  Overlord x2  
  176  10:23  Zergling x2  
  176  10:26  Hatchery  
  174  10:28  Hatchery  
  174  10:29  Viper x3  
  174  10:31  Zerg Ground Armor Level 3  
  174  10:33  Spire  
  174  10:35  Adrenal Glands  
  181  10:39  Drone x3  
  181  10:41  Hydralisk  
  181  10:42  Zergling x18  
  185  10:45  Zergling x2  
  184  10:51  Zerg Melee Weapons Level 2  
  184  10:52  Drone x4  
  184  10:55  Lurker x6  
  194  11:00  Spore Crawler  
  193  11:06  Zergling x14  
  193  11:09  Muscular Augments  
  193  11:11  Spore Crawler, Lurker  
  200  11:12  Overlord  
  200  11:13  Spore Crawler  
  200  11:18  Lurker  
  200  11:19  Overlord  
  200  11:20  Seismic Spines  
  200  11:28  Zergling x2, Hydralisk  
  199  11:34  Baneling x8  
  199  11:37  Zergling x2  
  199  11:38  Zergling x4  
  199  11:47  Drone x6  
  198  11:59  Baneling x5  
  198  12:01  Zerg Flyer Weapons Level 1  
  192  12:12  Hydralisk x4  
  192  12:13  Zergling x2, Hydralisk x5  
  195  12:17  Adaptive Talons  
  168  12:23  Zergling x18  
  168  12:25  Hydralisk  
  168  12:26  Zergling x6  
  168  12:28  Zergling x4  
  168  12:29  Zergling x12, Hydralisk  
  185  12:39  Zergling x2, Lurker x2  
  185  12:40  Zergling x18  
  185  12:42  Zergling x2  
  198  12:46  Baneling x10  
  198  12:47  Drone  
  198  12:49  Extractor x2  
  198  12:50  Hatchery  
  196  12:56  Baneling  
  196  12:57  Baneling x7  
  196  12:58  Zergling x6  
  196  13:02  Baneling x4  
  193  13:14  Grooved Spines  
  193  13:17  Zergling x2  
  193  13:18  Zergling x12  
  193  13:33  Zergling x2  
  193  13:34  Zergling x18  
  200  13:42  Hydralisk  
  199  13:48  Extractor  
  199  13:49  Extractor  
  199  13:51  Zerg Missile Weapons Level 2  
  199  13:52  Zerg Melee Weapons Level 3  
  199  13:54  Zergling x8  
  192  14:05  Zergling x16  
  192  14:08  Zergling x2  
  200  14:10  Baneling x14  
  191  14:18  Zergling x18  
  191  14:21  Zergling x10  
  195  14:38  Zergling x10  
  195  14:40  Baneling x10  
  195  14:44  Spore Crawler  
  199  14:50  Zergling x6  
  199  14:52  Overseer  
  184  15:07  Zergling x20  
  184  15:11  Zergling x10, Hydralisk  
  184  15:12  Zergling x18, Hydralisk  
  184  15:13  Zergling x10  
  194  15:17  Zergling x2  
  176  15:22  Zergling x4  
  176  15:23  Baneling x17  
  176  15:24  Zergling x6  
  176  15:25  Queen  
  176  15:28  Zergling x2  
  182  15:32  Hydralisk  
  182  15:33  Zergling x2  
  185  15:36  Viper x4  
  185  15:38  Zergling x4  
  185  15:39  Baneling x9  
  185  15:40  Zerg Flyer Weapons Level 2, Baneling x3  
  199  15:44  Hatchery  
  199  15:48  Zergling x2  
  199  15:55  Hydralisk  
  199  15:56  Zergling x24  
  199  15:58  Zergling x2  
  199  16:02  Zergling x6  
  199  16:03  Baneling x8  
  199  16:04  Baneling x7  
  194  16:06  Zergling x10  
  196  16:11  Zergling x6  
  196  16:17  Hydralisk  
  196  16:18  Zergling x16  
  195  16:23  Zergling x10  
  195  16:28  Zergling x6  
  195  16:34  Zergling x2  
  195  16:35  Zergling x8  
  195  16:36  Overseer  
  191  16:40  Zergling x12  
  191  16:41  Zergling x2  
  191  16:42  Hatchery  
  191  16:43  Zergling x2  
  191  16:46  Hydralisk  
  196  16:47  Zergling x4  
  196  16:52  Zergling x10  
  191  16:57  Zergling x2  
  191  16:58  Zergling x8  
  191  17:01  Zergling x8  
  184  17:04  Zergling x6  
  184  17:07  Zergling x6  
  184  17:08  Zergling x12  
  194  17:13  Zergling x2  
  194  17:14  Zergling x2  
  191  17:15  Zergling x2  
  191  17:18  Zergling x2, Hydralisk  
  191  17:19  Zergling x4  
  191  17:23  Zergling x2  
  191  17:25  Zergling x2  
  191  17:28  Zergling x4  
  187  17:32  Zergling x14  
  185  17:37  Overseer, Baneling x18  
  185  17:40  Zergling x20  
  185  17:43  Zergling x2  
  193  17:45  Zergling x2  
  184  17:52  Zergling x8  
  184  17:57  Zergling x4  
  190  18:04  Zergling x16  
  174  18:08  Zergling x2  
  174  18:11  Zergling x4, Hydralisk  
  173  18:14  Viper x2  
  173  18:19  Drone  
  179  18:24  Zergling x18  
  179  18:25  Baneling x5  
  179  18:26  Baneling x5  
  188  18:28  Zergling x6  
  188  18:31  Zergling x2, Hydralisk  
  188  18:32  Zergling x2  
  192  18:37  Zergling x14  
  187  18:42  Zergling x4  
  187  18:43  Zergling x2  
  187  18:47  Zergling x2  
  187  18:48  Zergling x4  
  186  18:49  Zergling x2  
  186  18:50  Zergling x4  
  186  18:52  Zergling x2  
  186  18:55  Hatchery  
  180  18:57  Zergling x16  
  180  18:59  Baneling x24  
  186  19:03  Zergling x10  
  161  19:10  Zergling x8  
  161  19:15  Zergling x2  
  161  19:16  Zergling x4  
  156  19:22  Drone x4  
  156  19:23  Zergling x6, Drone x3  
  160  19:25  Zergling x2  
  160  19:28  Drone x4  
  162  19:31  Hydralisk  
  162  19:32  Zergling x8  
  162  19:33  Hydralisk  
  162  19:37  Hydralisk x2  
  162  19:38  Zergling x2  
  162  19:48  Drone x3  
  162  19:49  Drone x2  
  162  19:50  Zergling x2  
  157  19:53  Drone x4  
  157  19:59  Zergling x2, Hydralisk  
  162  20:00  Zergling x6  
  161  20:07  Lurker x2  
  161  20:08  Lurker x7  
  161  20:09  Overlord x2  
  170  20:18  Overseer  
  170  20:21  Overlord  
  170  20:30  Drone x10  
  170  20:34  Lurker x3  
  181  20:41  Hydralisk  
  181  20:42  Zergling x28  
  184  20:46  Hydralisk  
  184  20:47  Zergling x4  
  185  20:54  Zergling x6  
  187  21:01  Baneling x4  
  187  21:09  Baneling x10  
  187  21:14  Baneling x8  
  187  21:16  Zergling x2  
  188  21:24  Spore Crawler x2  
  185  21:28  Zergling x4  
  185  21:29  Overlord  
  180  21:40  Zergling x14  
  180  21:46  Burrow  
  184  21:49  Zergling x2  
  184  21:50  Zergling x22  
  191  22:00  Zergling x2  
  191  22:01  Zergling x16  
  175  22:07  Hydralisk  
  175  22:08  Zergling x10  
  179  22:09  Baneling x10  
  179  22:14  Zergling x10  
  179  22:15  Zergling x2  
  183  22:23  Overlord  
  183  22:25  Hydralisk  
  183  22:26  Zergling x4, Unknown  
  183  22:29  Baneling  
  186  22:30  Baneling x9  
  186  22:33  Zergling x2  
  186  22:35  Overlord  
  187  22:43  Zergling x12  
  184  22:51  Zergling x14, Hydralisk  
  186  23:00  Lurker x7  
  186  23:01  Lurker x4  
  194  23:06  Zergling x10  
  198  23:39  Zergling x6  
  198  23:40  Zergling x8  
  198  23:46  Overseer  
  198  23:47  Overseer x4  
  198  24:06  Hydralisk x2  
  198  24:07  Zergling x16  
  190  24:13  Hydralisk  
  190  24:14  Zergling x20  
  175  24:24  Hydralisk  
  175  24:25  Zergling x16  
  175  24:29  Zergling x8  
  175  24:30  Zergling x2  
  188  24:35  Hydralisk  
  182  24:39  Hydralisk x3  
  182  24:40  Zergling x2  
  185  24:45  Zergling x2  
  185  24:46  Hydralisk  
  185  24:51  Zergling x2, Hydralisk x3  
  185  24:52  Zergling x8  
  186  25:00  Zergling x2  
  186  25:02  Zergling x6, Hydralisk  
  188  25:08  Zergling x2  
  188  25:10  Hydralisk  
  188  25:12  Zergling x2, Overseer  
  192  25:14  Zergling x8  
  192  25:19  Zergling x4  
  192  25:20  Zergling x2  
  187  25:24  Zergling x16  
  187  25:27  Zergling x2  
  187  25:33  Zergling x6  
  187  25:34  Zergling x2  
  186  25:40  Zergling x10  
  191  25:44  Overseer  
  191  25:45  Zergling x8  
  191  25:49  Zergling x4  
  192  25:51  Hydralisk  
  192  25:52  Zergling x4  
  180  26:04  Lurker  
  180  26:05  Zergling x10, Lurker x9  
  180  26:06  Zergling x8  
  180  26:09  Zergling x2  
  200  26:14  Overseer  
  195  26:19  Zergling x10  
  198  26:34  Hatchery  
Show
View Real Time Build Order
Export as new Build Order

LiquidClem Terran 

Build Orders: Reaper Expand 

Get SALT Encoding   

  12  0:00  SCV  
  13  0:12  SCV  
  14  0:17  Supply Depot  
  14  0:24  SCV  
  15  0:38  SCV  
  15  0:40  Barracks  
  16  0:44  Refinery  
  16  0:51  SCV  
  17  1:03  SCV  
  18  1:15  SCV  
  19  1:27  Reaper, Orbital Command  
  20  1:40  Command Center  
  20  1:49  Supply Depot  
  20  1:53  SCV  
  21  1:59  Marine  
  22  2:05  SCV  
  23  2:12  Factory  
  23  2:17  SCV  
  23  2:21  Barracks Reactor  
  24  2:29  SCV  
  25  2:41  SCV  
  25  2:42  Command Center  
  26  2:53  SCV  
  26  2:54  Orbital Command  
  27  3:00  Barracks  
  27  3:05  Barracks Tech Lab  
  27  3:06  SCV  
  27  3:10  Hellion  
  30  3:15  Hellion  
  30  3:19  SCV x2  
  34  3:23  Refinery  
  34  3:27  Marine  
  34  3:30  Stimpack  
  34  3:32  SCV x2  
  37  3:44  SCV x2  
  37  3:46  Marine  
  40  3:48  Starport  
  40  3:53  Marine  
  40  3:55  Marine  
  42  3:56  SCV x2, Orbital Command  
  42  3:58  Factory Reactor  
  44  4:08  SCV  
  44  4:09  SCV  
  46  4:10  Marine  
  46  4:14  Supply Depot  
  46  4:15  Marine x2  
  49  4:20  SCV  
  49  4:21  SCV  
  49  4:24  SCV  
  52  4:28  Marine  
  52  4:30  Supply Depot  
  53  4:33  SCV x2, Marine x2, Barracks  
  53  4:36  SCV  
  53  4:37  Refinery  
  53  4:38  Medivac  
  60  4:39  Medivac  
  60  4:45  SCV  
  63  4:47  Factory Reactor  
  63  4:48  SCV  
  63  4:50  Marine  
  63  4:51  Marine  
  63  4:52  Orbital Command  
  67  4:53  Supply Depot  
  67  4:55  Marine  
  67  4:56  Refinery  
  67  4:57  SCV  
  68  5:01  Engineering Bay  
  68  5:03  SCV, Engineering Bay  
  69  5:07  Marine  
  69  5:08  Marine  
  69  5:09  SCV  
  69  5:11  Combat Shield  
  69  5:13  Marine  
  73  5:15  SCV  
  73  5:18  SCV  
  73  5:21  SCV  
  77  5:23  Barracks Reactor  
  77  5:24  Hellion x2  
  77  5:25  Supply Depot, Marine  
  77  5:26  Marine  
  82  5:28  Terran Infantry Weapons Level 1  
  82  5:31  Terran Infantry Armor Level 1  
  82  5:32  SCV x2  
  82  5:34  Marine  
  82  5:43  Marine  
  82  5:44  Marine  
  82  5:46  SCV  
  82  5:48  SCV  
  82  5:49  SCV  
  84  5:51  Supply Depot  
  84  5:52  Hellion x2, Marine  
  84  5:56  Medivac x2  
  93  5:59  Armory  
  93  6:12  Marine x5  
  93  6:13  SCV x3  
  93  6:14  Supply Depot  
  93  6:16  Supply Depot  
  99  6:20  Hellion  
  101  6:25  Supply Depot  
  101  6:26  Barracks  
  101  6:27  Barracks  
  101  6:35  SCV x3, Marine x3  
  101  6:36  Hellion  
  101  6:37  Marine x2  
  111  6:42  Supply Depot  
  111  6:44  Widow Mine  
  113  6:47  SCV x3  
  113  6:51  Factory  
  113  6:52  Refinery  
  113  6:53  Marine x2  
  118  6:54  Supply Depot  
  118  6:57  Widow Mine, Marine  
  118  6:58  Marine  
  118  6:59  SCV  
  123  7:03  Marine  
  123  7:04  SCV  
  123  7:12  Marine x2  
  123  7:14  Widow Mine  
  123  7:15  SCV x2  
  112  7:16  SCV  
  112  7:18  Command Center, Marine x2  
  112  7:19  Barracks Reactor  
  112  7:20  Barracks Reactor  
  112  7:21  Liberator  
  117  7:27  Marine, Liberator  
  117  7:28  Widow Mine  
  117  7:31  Terran Infantry Weapons Level 2  
  117  7:33  Terran Infantry Armor Level 2  
  117  7:35  SCV  
  118  7:38  Factory Tech Lab  
  118  7:39  Marine x3  
  118  7:40  Marine  
  122  7:45  Marine  
  122  7:46  Widow Mine  
  126  7:51  Widow Mine  
  126  7:52  Terran Vehicle And Ship Armor Level 1  
  126  7:53  Supply Depot  
  126  7:56  Drilling Claws  
  126  7:57  Marine x4  
  126  7:58  Marine x3, Widow Mine  
  132  7:59  Marine  
  132  8:03  Marine  
  132  8:04  Supply Depot  
  137  8:12  Widow Mine  
  139  8:15  Medivac, Marine x4  
  139  8:16  Marine x2  
  147  8:22  Marine x2  
  147  8:24  Supply Depot, Barracks  
  147  8:25  Marine, Barracks  
  147  8:26  Widow Mine, Barracks  
  152  8:30  SCV x2  
  152  8:31  SCV, Widow Mine  
  152  8:33  Marine  
  152  8:43  Widow Mine  
  152  8:44  Marine  
  152  8:45  Marine x2  
  152  8:47  Marine  
  158  8:49  Marine x2  
  158  8:50  Widow Mine  
  158  8:51  Medivac x2, Marauder, Marine x2  
  158  8:54  SCV  
  170  8:55  Planetary Fortress  
  170  9:02  Marine x2, Widow Mine  
  170  9:03  Marine  
  170  9:04  SCV  
  170  9:08  Marine  
  175  9:12  Widow Mine  
  175  9:14  Marauder, Marine  
  175  9:15  SCV  
  175  9:16  Marine x2  
  176  9:18  SCV  
  176  9:21  Medivac x2, Marine, Barracks Tech Lab  
  176  9:22  Marine x2  
  176  9:23  SCV  
  179  9:28  Widow Mine x2  
  179  9:30  Supply Depot, Barracks Tech Lab  
  179  9:34  Barracks Tech Lab  
  179  9:36  Marine x2  
  175  9:42  SCV x2  
  175  9:44  SCV  
  177  9:46  Command Center  
  177  9:48  Widow Mine  
  177  9:51  Medivac x2  
  182  9:54  Widow Mine x2  
  182  9:55  Marauder  
  188  10:10  Unknown  
  188  10:16  Marauder  
  188  10:17  Terran Infantry Weapons Level 3  
  188  10:22  SCV, Marine x2  
  188  10:29  Supply Depot x2  
  188  10:30  SCV, Medivac x2, Marine x3  
  188  10:33  Sensor Tower  
  196  10:39  Marine  
  196  10:43  Marine x2  
  196  10:46  Marine x2  
  196  10:50  Marine x4  
  196  10:53  Command Center  
  200  10:59  Terran Infantry Armor Level 3  
  200  11:03  Terran Vehicle And Ship Armor Level 2  
  200  11:15  Command Center  
  200  11:16  Planetary Fortress  
  200  11:20  Barracks  
  200  11:21  Barracks x2  
  200  11:26  Marine  
  200  11:27  SCV, Marine  
  200  11:29  Command Center  
  200  11:32  Widow Mine  
  199  11:33  Widow Mine, Siege Tank  
  199  11:35  Marauder  
  200  11:43  Ghost Academy  
  195  11:50  Liberator  
  200  12:00  Marauder  
  198  12:04  Refinery x2, Factory Tech Lab  
  196  12:11  Marine, Barracks Tech Lab  
  196  12:12  Marauder, Marine  
  196  12:13  Marine x2  
  196  12:14  Widow Mine  
  199  12:17  Marine  
  199  12:19  Marine  
  199  12:20  Marine  
  199  12:21  Marine  
  199  12:22  Marine x2  
  178  12:23  Medivac  
  178  12:25  Marauder  
  178  12:28  Marine  
  178  12:29  Marauder, Widow Mine, Marine x2  
  170  12:30  Marine  
  170  12:36  Widow Mine  
  170  12:37  Liberator  
  169  12:38  Orbital Command  
  169  12:40  Barracks Tech Lab  
  172  12:46  Marine  
  172  12:47  Barracks Reactor, Marauder, Marine x3  
  172  12:48  Marine x3  
  183  12:51  Widow Mine  
  183  12:53  Marauder, Liberator  
  183  12:55  Marine x2  
  183  12:57  Widow Mine  
  183  12:58  Command Center  
  190  12:59  Ghost x2, Missile Turret, Sensor Tower, Personal Cloaking  
  190  13:00  Ghost, Missile Turret  
  190  13:01  Planetary Fortress  
  190  13:05  Missile Turret, Neosteel Armor  
  196  13:06  Missile Turret  
  196  13:07  Ghost  
  197  13:12  Ghost  
  197  13:13  Widow Mine, Marine  
  200  13:20  Terran Vehicle Weapons Level 1, Orbital Command  
  200  13:24  Widow Mine  
  178  13:28  Ghost  
  178  13:29  Liberator  
  178  13:30  Ghost  
  178  13:31  Marauder x2, Marine x5  
  178  13:32  Marine x3  
  195  13:34  Widow Mine  
  195  13:36  Ghost  
  195  13:37  Hi-Sec Auto Tracking  
  195  13:41  SCV, Ghost  
  197  13:44  Refinery, Marine x2  
  197  13:45  Refinery  
  200  13:51  Ghost  
  200  13:53  Concussive Shells  
  200  13:59  Widow Mine  
  197  14:03  Medivac  
  199  14:18  Ghost  
  199  14:19  Marine x2  
  199  14:21  Widow Mine, Marine  
  200  14:37  Command Center  
  200  14:39  Command Center  
  200  14:44  Command Center x2  
  200  14:48  Starport  
  200  14:49  Fusion Core  
  197  14:54  Ghost  
  197  14:57  Enhanced Shockwaves  
  199  15:06  Orbital Command  
  196  15:08  Widow Mine  
  196  15:09  Marauder, Marine x3  
  196  15:11  Ghost  
  176  15:16  Ghost  
  176  15:20  Ghost  
  163  15:22  Ghost, Marine  
  166  15:31  Ghost x2  
  166  15:32  Marine x2  
  166  15:34  Widow Mine  
  166  15:35  Unknown  
  174  15:36  Widow Mine  
  174  15:37  Marine  
  174  15:38  Missile Turret x2, Marine x3  
  174  15:39  Marine x2  
  174  15:40  Marauder, Sensor Tower  
  184  15:45  Marauder  
  184  15:47  Starport Reactor  
  184  15:48  Terran Vehicle And Ship Armor Level 3, Missile Turret  
  184  15:49  Advanced Ballistics, Marauder  
  188  15:51  Marauder  
  188  15:56  Widow Mine, Liberator x2  
  186  15:59  Ghost, Marine, Widow Mine  
  186  16:00  Marauder  
  186  16:01  Ghost  
  189  16:04  Orbital Command  
  189  16:07  Marauder  
  189  16:10  Ghost  
  192  16:13  Marauder  
  192  16:15  Marine x2  
  192  16:17  Marine x3, Widow Mine  
  192  16:18  SCV x3  
  187  16:20  Widow Mine  
  187  16:22  Marauder  
  187  16:24  Medivac  
  194  16:28  Marauder  
  194  16:29  Marauder, Marine  
  194  16:30  Marine  
  198  16:35  Orbital Command  
  198  16:37  Marauder  
  198  16:38  Orbital Command  
  199  16:41  Widow Mine  
  199  16:45  Planetary Fortress  
  194  16:47  SCV, Missile Turret  
  194  16:48  SCV  
  194  16:50  SCV  
  194  16:51  Widow Mine  
  191  16:59  SCV x2  
  189  17:03  Medivac x2, Widow Mine  
  189  17:09  Marine  
  189  17:12  Marine x2  
  189  17:13  Marauder, Widow Mine  
  193  17:18  Marine  
  193  17:20  Marauder x2  
  186  17:23  Marine  
  186  17:24  Widow Mine  
  186  17:26  Liberator  
  186  17:27  Marauder, Marine x4  
  186  17:29  Marine x2  
  188  17:34  Widow Mine  
  188  17:36  Marauder, Marine  
  192  17:40  Marauder, Marine  
  192  17:41  Marine  
  186  17:46  Widow Mine  
  186  17:48  Orbital Command  
  186  17:49  Liberator  
  186  17:51  Marauder  
  176  17:54  Marauder, Marine  
  176  17:55  Widow Mine  
  181  18:03  Medivac  
  165  18:06  Medivac, Orbital Command x2  
  165  18:07  Widow Mine  
  165  18:12  Marauder, Marine x2  
  169  18:15  SCV  
  169  18:16  SCV x3  
  169  18:17  Widow Mine  
  171  18:23  Medivac, Missile Turret  
  173  18:28  Widow Mine  
  173  18:29  Marauder  
  177  18:37  Medivac  
  177  18:38  Widow Mine  
  177  18:40  Marine x3  
  173  18:44  Marauder  
  173  18:47  Unknown, Marine  
  171  18:50  Widow Mine  
  171  18:52  Marine  
  171  18:53  Marauder, Marine  
  175  18:58  SCV x2  
  175  18:59  SCV x3, Widow Mine  
  180  19:09  Medivac  
  170  19:11  Widow Mine  
  170  19:12  Marauder  
  161  19:17  Marauder  
  161  19:20  Marauder, Marine x2  
  161  19:21  Marauder, Orbital Command, Siege Tank  
  161  19:22  Medivac  
  169  19:24  SCV x3  
  169  19:25  Marine  
  169  19:31  Marauder, Marine x3  
  169  19:33  Widow Mine  
  170  19:39  Marine x2  
  170  19:40  Marauder  
  170  19:41  Medivac  
  166  19:52  Marine x3  
  168  19:53  Widow Mine  
  168  19:54  Widow Mine  
  168  19:58  Orbital Command  
  173  20:00  Marine  
  173  20:01  Marauder  
  163  20:07  Medivac  
  163  20:09  Marine x2  
  163  20:10  Marauder x2  
  163  20:14  Marauder, Marine x2, Widow Mine  
  173  20:15  Widow Mine  
  173  20:18  Marine  
  180  20:21  Marine x2  
  180  20:27  Medivac  
  180  20:28  Marine x3  
  186  20:32  Marauder  
  186  20:34  Marauder, Marine  
  190  20:36  Widow Mine  
  190  20:42  Ghost  
  176  20:43  Orbital Command  
  176  20:44  Ghost  
  176  20:49  Ghost  
  180  20:50  Ghost  
  180  20:53  SCV  
  180  20:55  SCV x2  
  180  20:56  SCV  
  187  20:59  SCV  
  187  21:00  SCV  
  187  21:03  Ghost  
  190  21:17  Unknown, Widow Mine  
  191  21:18  Missile Turret  
  191  21:20  Missile Turret  
  191  21:23  Orbital Command  
  189  21:27  Ghost  
  189  21:28  Ghost  
  193  21:33  Widow Mine  
  193  21:38  Ghost  
  193  21:39  Widow Mine  
  170  21:55  Widow Mine  
  170  21:57  Marauder  
  170  21:58  Orbital Command  
  170  21:59  Marauder  
  170  22:00  Widow Mine  
  164  22:01  Marine  
  164  22:05  Marine  
  164  22:06  Marauder, Marine  
  169  22:14  Marine  
  170  22:17  Widow Mine  
  170  22:22  Widow Mine  
  174  22:23  Unknown  
  174  22:24  Orbital Command  
  174  22:28  Marine  
  174  22:29  Marine  
  176  22:32  Marine x2  
  178  22:37  Missile Turret  
  178  22:39  Sensor Tower  
  176  22:47  Marine x2  
  176  22:48  Marine  
  179  22:53  Ghost  
  179  22:54  Refinery  
  179  22:55  Refinery  
  181  22:58  Marine x2  
  181  22:59  SCV x2, Marine  
  181  23:00  Marine x2  
  181  23:04  Widow Mine  
  190  23:09  Ghost  
  188  23:16  SCV x3  
  188  23:17  SCV  
  188  23:18  Orbital Command  
  192  23:22  Widow Mine  
  192  23:25  Widow Mine  
  196  23:29  Marauder, Marine x2  
  196  23:39  Marauder, Marine  
  195  23:43  Widow Mine  
  195  23:47  Widow Mine  
  193  23:51  Orbital Command  
  193  23:56  Marauder x2, Marine  
  193  24:01  Command Center  
  193  24:02  Ghost, Command Center  
  198  24:11  Marauder  
  198  24:13  Marauder  
  198  24:15  Marauder  
  180  24:18  Marauder  
  180  24:20  Ghost  
  177  24:26  Marine x2, Widow Mine  
  177  24:27  Marine x2  
  177  24:29  Marine x2  
  177  24:30  Ghost  
  177  24:31  Ghost, Marine x2  
  180  24:33  Ghost, Widow Mine  
  180  24:36  Medivac, Ghost, Missile Turret  
  187  24:38  Ghost  
  187  24:44  Marine x2  
  178  24:45  Marine  
  178  24:46  Marine  
  178  24:47  Widow Mine  
  178  24:48  Marine x2  
  172  24:54  Widow Mine  
  172  24:55  Orbital Command  
  172  24:57  Marauder  
  167  25:00  Ghost, Marauder  
  167  25:02  Marine x2  
  167  25:04  Medivac  
  154  25:08  Marine x2, Widow Mine  
  154  25:15  Widow Mine  
  154  25:16  Marauder, Marine  
  148  25:23  Marine  
  148  25:28  Orbital Command  
  137  25:30  Widow Mine  
  137  25:34  Medivac, Marine  
  136  25:35  Orbital Command  
  136  25:37  Widow Mine  
  133  25:51  Widow Mine  
  127  25:58  Ghost  
  113  26:07  Marine  
  113  26:09  Orbital Command, Marauder, Marine x4  
  113  26:10  Marine  
  113  26:11  Marauder x2  
  125  26:13  Marauder, Marine x2  
  125  26:15  Marine  
  130  26:18  Marine  
  130  26:24  Marauder  
  133  26:26  Marine  
  133  26:27  Marine  

Tags
 
Add a new tag
Caveats
  • Supply blocks, unpowered buildings, or Contaminate may cause inaccurate times.
  • Supply counts are checked every 10 seconds.